 Dungeon Crawl Stone Soup version 0.21.1-1-g345015f (webtiles) character file.

375264 vatarom the Cardsharp (level 22, -24/175 HPs)
             Began as a Gnoll Warper on Apr 10, 2018.
             Was a High Priest of Nemelex Xobeh.
             Killed from afar by Boris (58 damage)
             ... with a bolt of cold
             ... on level 2 of the Crypt.
             The game lasted 03:00:41 (56678 turns).

vatarom the Cardsharp (Gnoll Warper)               Turns: 56678, Time: 03:00:42

Health: -24/175    AC: 18    Str: 20    XL:     22   Next: 76%
Magic:  41/41      EV: 27    Int: 22    God:    Nemelex Xobeh [*****.]
Gold:   1395       SH:  0    Dex: 28    Spells: 1/51 levels left

rFire    + + .     SeeInvis .   W - +8 halberd of Ascent {chop, rF+}
rCold    . . .     Gourm    +   (shield currently unavailable)
rNeg     . . .     Faith    .   I - +2 ring mail "Regragri" {Int+5 Slay+3}
rPois    .         Spirit   .   (helmet restricted)
rElec    +         Reflect  .   H - +0 cloak {MR+}
rCorr    .         Harm     .   c - +2 pair of gloves {archery}
MR       ++...                  p - +1 pair of boots
Stlth    ++++++....             x - amulet of the gourmand
HPRegen  0.39/turn              T - +5 ring of dexterity
MPRegen  0.27/turn              O - ring of Udomack {rElec rF+ Str+2 Dex+6}

@: very slightly contaminated
A: distributed training, antennae 1, fangs 1, hooves 1, clumsy 1, strong nose
}: 2/15 runes: barnacled, gossamer
a: Triple Draw, Deal Four, Stack Five, Renounce Religion


You were on level 2 of the Crypt.
You worshipped Nemelex Xobeh.
Nemelex Xobeh was extremely pleased with you.
You were full.

You visited 9 branches of the dungeon, and saw 40 of its levels.
You visited 2 bazaars.
You also visited: Labyrinth.

You collected 4582 gold pieces.
You spent 3187 gold pieces at shops.

Inventory:

Hand Weapons
 q - the +6 battleaxe of Disintegration {freeze, rElec rC+ Str+2}
   (You found it on level 4 of the Shoals)

   It has been specially enchanted to freeze those struck by it, causing extra
   injury to most foes and up to half again as much damage against particularly
   susceptible opponents.
   It can also slow down cold-blooded creatures.
   It affects your strength (+2).
   It protects you from cold.
   It insulates you from electricity.
 W - the +8 halberd of Ascent (weapon) {chop, rF+}
   (You found it on level 2 of the Vaults)

   It inflicts extra damage upon your enemies.
   It protects you from fire.
Missiles
 R - 7 tomahawks of returning (quivered)
Armour
 c - a +2 pair of gloves of archery (worn)
 p - a +1 pair of boots (worn)
 H - a +0 cloak of magic resistance (worn)
 I - the +2 ring mail "Regragri" (worn) {Int+5 Slay+3}
   (You found it on level 8 of the Dungeon)

   It affects your intelligence (+5).
   It affects your accuracy and damage with ranged weapons and melee attacks
   (+3).
Jewellery
 r - an uncursed ring of poison resistance
 x - an amulet of the gourmand (around neck)
 O - the ring of Udomack (right hand) {rElec rF+ Str+2 Dex+6}
   (You acquired it on level 5 of the Lair of Beasts)

   [ring of strength]

   It affects your strength (+2).
   It affects your dexterity (+6).
   It protects you from fire.
   It insulates you from electricity.
 T - a +5 ring of dexterity (left hand)
Wands
 i - a wand of clouds (2)
 k - a wand of acid (11)
 n - a wand of digging (19)
 Q - a wand of enslavement (31)
 S - a wand of paralysis (13)
 V - a wand of iceblast (21)
Scrolls
 l - 3 scrolls of enchant armour
 u - 17 scrolls of remove curse
 y - 8 scrolls of fog
 A - 3 scrolls of magic mapping
 E - a scroll of identify
 M - a scroll of brand weapon
 N - 6 scrolls of teleportation
 Z - 2 scrolls of amnesia
Potions
 a - 3 potions of ambrosia
 e - 3 potions of agility
 g - a potion of invisibility
 h - 6 potions of haste
 s - 7 potions of brilliance
 z - 5 potions of cancellation
 B - 5 potions of resistance
 C - 3 potions of flight
 G - 8 potions of curing
 J - 3 potions of berserk rage
 K - 8 potions of might
Books
 t - a book of Frost

   Spells                             Type                      Level
   a - Freeze                         Ice                          1
   b - Throw Frost                    Conjuration/Ice              2
   c - Ozocubu's Armour               Charms/Ice                   3
   d - Throw Icicle                   Conjuration/Ice              4
   e - Summon Ice Beast               Ice/Summoning                4
Miscellaneous
 b - a plain deck of destruction
 d - an ornate deck of summoning {drawn: 1}
 j - an ornate deck of escape {drawn: 2}
 m - a plain deck of destruction {drawn: 3}
 o - a phial of floods
 v - an ornate deck of escape {drawn: 3}
 w - a legendary deck of destruction {drawn: 1}
 D - an ornate deck of destruction {drawn: 1}
 L - a legendary deck of summoning {drawn: 1}
 P - a plain deck of summoning {drawn: 5}
 U - a plain deck of summoning {drawn: 2}
 Y - a legendary deck of escape
Comestibles
 f - 35 rations


   Skills:
 + Level 15.1 Fighting
 + Level 14.5 Short Blades
 + Level 15.1 Long Blades
 + Level 14.5 Axes
 + Level 14.5 Maces & Flails
 + Level 14.5 Polearms
 + Level 14.5 Staves
 + Level 14.5 Slings
 + Level 14.5 Bows
 + Level 14.5 Crossbows
 + Level 14.7 Throwing
 + Level 14.7 Armour
 + Level 15.1 Dodging
 + Level 14.5 Stealth
 + Level 14.5 Shields
 + Level 14.5 Unarmed Combat
 + Level 15.2 Spellcasting
 + Level 12.5 Conjurations
 + Level 12.5 Hexes
 + Level 12.5 Charms
 + Level 12.5 Summonings
 + Level 12.5 Necromancy
 + Level 13.4 Translocations
 + Level 12.5 Transmutations
 + Level 12.5 Fire Magic
 + Level 12.5 Ice Magic
 + Level 12.5 Air Magic
 + Level 12.5 Earth Magic
 + Level 12.5 Poison Magic
 + Level 15.6 Invocations
 + Level 14.5 Evocations


You had one spell level left.
You knew the following spells:

 Your Spells              Type           Power        Failure   Level  Hunger
a - Blink                 Tloc           N/A          1%          2    None
b - Shroud of Golubria    Chrm/Tloc      ######....   1%          2    None
c - Gell's Gravitas       Tloc           ######....   1%          3    None
d - Lesser Beckoning      Tloc           ######....   1%          3    None
e - Teleport Other        Tloc           ######..     1%          3    None
f - Passage of Golubria   Tloc           N/A          1%          4    None
g - Confuse               Hex            ######..     1%          3    None
h - Summon Ice Beast      Ice/Summ       ######..     1%          4    None
i - Statue Form           Tmut/Erth      ######...    4%          6    #####..
j - Borgnjor's Vile Clut  Necr/Erth      ######....   1%          5    ###....
k - Spectral Weapon       Hex/Chrm       ######..     1%          3    None
l - Regeneration          Chrm/Necr      ######....   1%          3    None
m - Freezing Cloud        Conj/Ice/Air   ######....   4%          6    #####..
n - Ozocubu's Armour      Chrm/Ice       ######..     1%          3    None


Dungeon Overview and Level Annotations

Branches:
Dungeon (15/15)            Temple (1/1) D:6            Lair (6/6) D:11
 Shoals (4/4) Lair:2       Spider (4/4) Lair:2        Slime (0/5) Lair:5
    Orc (2/2) D:9             Elf (0/3) Orc:2        Vaults (4/5) D:14
  Crypt (2/3) Vaults:3     Depths (2/5) D:15

Altars:
Ashenzari
Cheibriados
Dithmenos
Elyvilon
Fedhas
Gozag
Hepliaklqana
Kikubaaqudgha
Makhleb
Nemelex Xobeh
Okawaru
Qazlal
Ru
Sif Muna
Trog
Uskayaw
Vehumet
Wu Jian
Xom
Yredelemnul
Zin
The Shining One
Beogh

Shops:
D:6 *   Orc:1 %!}(*   Orc:2 =?(:   Vaults:1 [   Vaults:4 (

Portals:
Hell: Depths:1 Depths:2
Abyss: Depths:1
Ziggurat: Depths:2

Annotations:
D:4 bmj180's ghost, amateur MiFi
Orc:2 Totori's ghost, journeyman MfMo
Crypt:2 Boris


Innate Abilities, Weirdness & Mutations

Your experience applies equally to all skills.
You have very sharp teeth.
Your uncanny sense of smell can sniff out nearby items.
You have a pair of small antennae on your head.
You have large cloven feet.
You are clumsy. (Dex -2)


Message History

Something barely misses you.
The skeletal warrior hits you with a battleaxe!
* * * LOW HITPOINT WARNING * * *
Unknown command.
Blink to where?
Press: ? - help, Dir - move target cursor You are very lightly contaminated with residual magic.
As you read the scroll of blinking, it crumbles to dust.
You revert to your normal fleshy form.
Your +2 pair of gloves of archery unmelds from your body.
Your +1 pair of boots unmelds from your body.
The +2 ring mail "Regragri" {Int+5 Slay+3} unmelds from your body.
You feel that your aim is more steady.
The skeletal warrior closely misses you.
You hear some strange, mumbled words.
A bolt of cold appears from out of thin air!
The bolt of cold hits the skeletal warrior.
The skeletal warrior resists.
The bolt of cold hits you!
You die...
Your body glows with a rainbow of weird colours and disappears.

..............#.....
##.(..#.....#.....#
#)...###.........##
..†..# #.........#
.. ...###
###.)...### ... ..##
##./.## #... ...###
###..#..### ##....
.....# #...###...#
...... .....###.###
###@###......
......#..#
#..#.......
........##
##z........
.......## ##....#...
........ ##)........
.#....#..
#))#.......
#....###.#
###z###....## #....#
.. #.Z)# ......
#..## ##. #..###
##..##


You could see a skeletal warrior.

Vanquished Creatures
  Nikola (Vaults:1)
  Arachne (Spider:2)
  4 liches
  A tentacled monstrosity (Vaults:2)
  A titan (Vaults:3)
  2 krakens
  An acid blob (shapeshifter) (Depths:2)
  Frances (Spider:2)
  An ancient champion (Vaults:3)
  A sphinx (Vaults:3)
  6 tengu reavers
  Gastronok (D:12)
  6 frost giants
  7 emperor scorpions
  3 fire giants
  3 ghost moths
  14 vault wardens
  2 orc warlords (Orc:2)
  A deep elf sorcerer (Vaults:4)
  2 curse skulls
  13 ironheart preservers
  8 ghouls
  5 very ugly things
  2 entropy weavers
  8 stone giants
  2 vampire knights
  A deep elf demonologist (Vaults:4)
  2 deep elf annihilators
  3 spark wasps
  5 ettins
  A crystal guardian (Vaults:4)
  8 deep elf death magi
  3 jiangshi
  Snorg (D:12)
  6 fire dragons
  6 merfolk impalers
  7 yaktaur captains
  4 hydras
  5 merfolk javelineers
  6 great orbs of eyes
  13 ogre magi
  6 ice dragons
  3 rakshasas
  3 merfolk avatars
  5 death knights
  10 vault guards
  6 merfolk aquamancers
  7 centaur warriors
  An anaconda (Shoals:4)
  2 satyrs
  46 two-headed ogres
  A queen ant (Lair:4)
  5 tengu warriors
  The ghost of bmj180 the Basher, a novice MiFi of Okawaru (D:8)
  5 deep troll earth magi
  4 deep troll shamans
  Urug (D:11)
  A vampire mage (Crypt:1)
  5 orc high priests (Orc:2)
  5 deep elf knights
  A fire crab (D:15)
  2 soul eaters
  3 skeletal warriors
  2 shadow wraiths
  2 unseen horrors (shapeshifter)
  13 deep trolls
  A glowing orange brain (Vaults:2)
  15 sea snakes
  2 iron giant skeletons
  3 wizards
  4 deep elf archers
  15 ironbrand convokers
  3 unseen horrors
  A kraken simulacrum (Shoals:4)
  A lindwurm (Lair:6)
  A mana viper (Shoals:4)
  16 harpies
  3 necromancers
  2 phantasmal warriors
  6 fauns
  12 orc knights
  A shining eye (Shoals:4)
  9 orb spiders
  12 deep elf magi
  48 ugly things
  7 manticores
  7 orc sorcerers
  10 elephants
  7 cyclopes
  18 wolf spiders
  A guardian serpent (shapeshifter) (Vaults:2)
  A stone giant skeleton (Vaults:3)
  A water nymph (shapeshifter) (D:15)
  3 water nymphs
  11 vault sentinels
  An eye of devastation (D:15)
  7 merfolk sirens
  6 spiny frogs
  3 centaur zombies
  A black mamba (Lair:4)
  A gargoyle (D:10)
  4 centaur skeletons
  A rime drake (Lair:4)
  12 demonic crawlers
  A sea snake zombie (Crypt:1)
  7 komodo dragons
  2 yaktaurs (shapeshifter)
  9 freezing wraiths
  29 yaktaurs
  2 hellwings (Depths:1)
  4 tengu conjurers
  A pale draconian skeleton (Crypt:2)
  A merfolk (shapeshifter) (Vaults:3)
  A small abomination (Crypt:1)
  2 wind drakes (Shoals:2)
  20 merfolk
  A meliai (shapeshifter) (Vaults:3)
  4 red devils (Depths:1)
  27 jumping spiders
  3 meliai (D:13)
  4 polar bears
  A moth of wrath zombie (Crypt:1)
  9 hornets
  8 trolls
  7 blink frogs (Lair:2)
  21 slime creatures
  A wind drake (shapeshifter) (Vaults:2)
  5 dream sheep
  2 bog bodies (Crypt:2)
  5 flying skulls (Crypt:1)
  14 hippogriffs
  A black mamba zombie (Crypt:1)
  6 snapping turtles
  A shadow (Vaults:3)
  An ettin zombie (Vaults:3)
  A spriggan (shapeshifter) (D:15)
  10 spriggans (Lair:6)
  A vampire (D:15)
  9 wraiths
  A redback (shapeshifter) (Vaults:1)
  A hog (shapeshifter) (D:15)
  78 redbacks
  36 tarantellas
  9 water elementals
  3 fire bats (Depths:1)
  22 yaks
  A golden eye (shapeshifter) (Vaults:2)
  A basilisk (shapeshifter) (D:14)
  A hog (Lair:5)
  Grum (D:11)
  A basilisk (Lair:4)
  5 wyverns
  A human simulacrum (Vaults:3)
  6 hungry ghosts
  2 wargs (Orc:2)
  9 soldier ants
  Duvessa (D:7)
  An acid dragon (Vaults:2)
  7 water moccasins
  8 porcupines
  47 orc warriors
  3 hell hounds (Depths:1)
  An infernal demonspawn skeleton (Crypt:1)
  2 eyes of draining (shapeshifter)
  5 ice beasts
  4 black bears
  An elf zombie (Vaults:4)
  An eye of draining (D:11)
  4 sky beasts
  6 necrophages
  A phantom (D:7)
  An ettin simulacrum (Vaults:4)
  28 ogres
  9 boggarts
  25 wolves
  5 crocodiles
  9 centaurs
  3 big kobolds
  9 bullfrogs
  Blork the orc (D:4)
  A gnoll sergeant (D:8)
  Dowan (D:7)
  2 earth elementals (Lab)
  A hornet simulacrum (Vaults:1)
  A scorpion (D:8)
  A killer bee (D:8)
  3 wights (D:8)
  2 electric eels
  The ghost of Flooderbenga the Grave Robber, a weakling GnNe (D:3)
  7 howler monkeys
  13 crimson imps
  A bullfrog zombie (D:10)
  2 jellies
  6 hounds
  2 gnoll shamans (D:5)
  28 orc priests
  2 bullfrog skeletons
  7 iguanas
  25 orc wizards
  31 worker ants
  3 hound skeletons
  Robin (D:2)
  51 gnolls
  13 adders
  5 shadow imps
  4 oozes
  2 adder zombies
  A halfling zombie (Crypt:1)
  An adder skeleton (D:4)
  4 worms
  A barachi skeleton (Crypt:1)
  4 dart slugs
  4 leopard geckos
  117 orcs
  5 giant cockroaches
  20 goblins
  8 hobgoblins
  34 jackals
  19 kobolds
  A quokka (shapeshifter) (D:15)
  9 quokkas
  A ball python (D:2)
  5 bats
  A frilled lizard (D:2)
  3 quokka skeletons
  4 rats
  A rat zombie (Crypt:1)
  2 crawling corpses (Vaults:1)
  2 fire vortices
  A plant (Shoals:2)
  10 tentacles
1620 creatures vanquished.

Vanquished Creatures (collateral kills)
  A quicksilver dragon (Vaults:2)
  A kraken (Shoals:3)
  Agnes (D:14)
  A tengu reaver (Depths:2)
  Kirke (Lair:5)
  Ilsuiw (Shoals:4)
  An emperor scorpion (Spider:4)
  A ghost moth (Spider:4)
  A vault warden (Vaults:3)
  An ironheart preserver (Vaults:3)
  2 merfolk javelineers (Shoals:4)
  A merfolk impaler (Shoals:2)
  3 hydras
  An alligator snapping turtle (Shoals:3)
  2 centaur warriors (Vaults:3)
  2 two-headed ogres (Vaults:3)
  A sea snake (Shoals:4)
  The ghost of Flooderbenga the Reanimator, a novice GnNe of Cheibriados (Lair:2)
  A deep troll (Vaults:3)
  A deep elf archer (Vaults:3)
  2 oklob plants
  2 wolf spiders (Spider:3)
  A human zombie (Vaults:4)
  5 orb spiders
  A shining eye (Shoals:4)
  A manticore (Shoals:3)
  An ugly thing (Vaults:3)
  An elephant (Lair:6)
  A moth of wrath (Spider:4)
  An eye of devastation (Shoals:4)
  A merfolk siren (Shoals:4)
  A vault sentinel (Vaults:3)
  2 spiny frogs (Lair:1)
  A storm dragon simulacrum (Vaults:4)
  A komodo dragon (D:13)
  A yaktaur (Vaults:4)
  2 merfolk (Shoals:4)
  A red devil (Depths:1)
  A polar bear (Lair:2)
  2 jumping spiders
  7 blink frogs (Lair:2)
  5 slime creatures
  4 dream sheep (Lair:6)
  2 hippogriffs (Lair:1)
  A redback (Spider:3)
  10 yaks
  A water moccasin (Lair:2)
  A black bear (Lair:6)
  An elf zombie (Vaults:4)
  4 ogres
  A crocodile (Lair:2)
  3 bullfrogs
  A crimson imp (Depths:1)
95 creatures vanquished.

Vanquished Creatures (others)
  A sphinx (Shoals:4)
  An entropy weaver (Spider:1)
  2 skeletal warriors (Crypt:2)
  A glowing orange brain (Shoals:4)
  An orb spider (Spider:1)
  A deep elf archer (Vaults:2)
  A wolf spider (Spider:1)
  A deep elf mage (D:10)
  4 jumping spiders
  A redback (Spider:1)
  3 tarantellas (Spider:1)
  2 humans (Lair:5)
  A floating eye (Shoals:4)
  2 ogres
  2 jellies (Lair:5)
  A worker ant (Lair:5)
  A ball lightning (Spider:1)
  2 bushes (Lair:6)
  A fire vortex (Spider:1)
  18 fungi
  14 plants
  3 spectral weapons
  41 tentacles
105 creatures vanquished.

Grand Total: 1820 creatures vanquished

Notes
Turn   | Place    | Note
-------+----------+-------------------------------------------
     0 | D:1      | vatarom the Gnoll Warper began the quest for the Orb.
     0 | D:1      | Reached XP level 1. HP: 20/20 MP: 6/6
    91 | D:1      | Reached XP level 2. HP: 26/26 MP: 7/7
   430 | D:1      | Learned a level 2 spell: Blink
   433 | D:1      | Learned a level 2 spell: Shroud of Golubria
   687 | D:1      | Reached XP level 3. HP: 30/31 MP: 6/9
   690 | D:1      | Reached skill level 5 in Spellcasting
   787 | D:2      | Reached skill level 1 in Invocations
  1005 | D:2      | Reached skill level 1 in Short Blades
  1005 | D:2      | Reached skill level 1 in Axes
  1005 | D:2      | Reached skill level 1 in Maces & Flails
  1005 | D:2      | Reached skill level 1 in Polearms
  1005 | D:2      | Reached skill level 1 in Staves
  1005 | D:2      | Reached skill level 1 in Slings
  1005 | D:2      | Reached skill level 1 in Bows
  1005 | D:2      | Reached skill level 1 in Crossbows
  1005 | D:2      | Reached skill level 1 in Stealth
  1005 | D:2      | Reached skill level 1 in Shields
  1005 | D:2      | Reached skill level 1 in Unarmed Combat
  1005 | D:2      | Reached skill level 1 in Evocations
  1175 | D:2      | Reached XP level 4. HP: 38/38 MP: 11/11
  1193 | D:2      | Learned a level 3 spell: Gell's Gravitas
  1197 | D:2      | Learned a level 3 spell: Lesser Beckoning
  1201 | D:2      | Learned a level 3 spell: Teleport Other
  1663 | D:2      | Noticed Robin
  1715 | D:2      | Killed Robin
  1715 | D:2      | Reached skill level 1 in Conjurations
  1715 | D:2      | Reached skill level 1 in Hexes
  1715 | D:2      | Reached skill level 1 in Charms
  1715 | D:2      | Reached skill level 1 in Summonings
  1715 | D:2      | Reached skill level 1 in Necromancy
  1715 | D:2      | Reached skill level 1 in Transmutations
  1715 | D:2      | Reached skill level 1 in Fire Magic
  1715 | D:2      | Reached skill level 1 in Ice Magic
  1715 | D:2      | Reached skill level 1 in Air Magic
  1715 | D:2      | Reached skill level 1 in Earth Magic
  1715 | D:2      | Reached skill level 1 in Poison Magic
  1950 | D:3      | Reached XP level 5. HP: 42/43 MP: 12/12
  1973 | D:3      | Noticed Flooderbenga's ghost (weakling GnNe)
  1997 | D:3      | Killed Flooderbenga's ghost
  2470 | D:3      | Found an iron altar of Okawaru.
  2471 | D:3      | Found a shattered altar of Ashenzari.
  2475 | D:3      | Found a radiant altar of Vehumet.
  2579 | D:4      | Reached XP level 6. HP: 32/50 MP: 7/13
  3087 | D:4      | Noticed bmj180's ghost (amateur MiFi)
  3177 | D:4      | Reached skill level 5 in Fighting
  3177 | D:4      | Reached skill level 5 in Long Blades
  3177 | D:4      | Reached skill level 5 in Dodging
  3346 | D:4      | Found a snail-covered altar of Cheibriados.
  3529 | D:4      | Noticed Blork the orc
  3547 | D:4      | Reached XP level 7. HP: 51/56 MP: 13/15
  3558 | D:4      | Killed Blork the orc
  3770 | D:4      | Found a shimmering altar of Xom.
  3771 | D:4      | Found a bloodstained altar of Trog.
  4226 | D:5      | Entered Level 5 of the Dungeon
  4361 | D:5      | Found a basalt altar of Yredelemnul.
  4446 | D:5      | Gained mutation: You have sharp toenails. [potion of mutation]
  4446 | D:5      | Gained mutation: You are resistant to electric shocks. (rElec) [potion of mutation]
  4446 | D:5      | Gained mutation: Your mind is acute. (Int +2) [potion of mutation]
  4464 | D:5      | Reached XP level 8. HP: 29/63 MP: 16/16
  5241 | D:5      | Learned a level 4 spell: Passage of Golubria
  5579 | D:5      | HP: 1/64 [gnoll/vampiric halberd (12)]
  6659 | D:6      | Found Qaepulia's Assorted Antiques.
  6825 | D:6      | Reached XP level 9. HP: 69/69 MP: 18/18
  6938 | D:6      | Got a twisted ring mail
  6949 | D:6      | Identified the cursed +1 ring mail "Roich" {MR+ SInv} (You found it on level 6 of the Dungeon)
  7283 | D:6      | Found a staircase to the Ecumenical Temple.
  7324 | Temple   | Entered the Ecumenical Temple
  7658 | D:7      | Got a bound lead ring
  7665 | D:7      | Identified the ring of False Pretenses {rC+ rN+ Dex+3} (You found it on level 7 of the Dungeon)
  7676 | D:7      | Got a scorched quarterstaff
  7677 | D:7      | Identified the +10 quarterstaff of Dividends {elec, Str+4} (You found it on level 7 of the Dungeon)
  7758 | D:7      | Noticed Duvessa
  7762 | D:7      | Noticed Dowan
  7765 | D:7      | Killed Duvessa
  7775 | D:7      | Killed Dowan
  7892 | D:7      | Learned a level 3 spell: Confuse
  7936 | D:7      | Reached skill level 5 in Throwing
  7936 | D:7      | Reached skill level 5 in Armour
  8210 | D:8      | Noticed bmj180's ghost (novice MiFi)
  8635 | D:8      | Noticed a two-headed ogre
  8927 | D:7      | Killed a two-headed ogre
  8927 | D:7      | Reached skill level 5 in Invocations
  9114 | D:8      | Noticed a two-headed ogre
  9130 | D:7      | Reached XP level 10. HP: 77/77 MP: 17/20
  9287 | D:8      | Noticed a two-headed ogre
  9309 | D:8      | Killed a two-headed ogre
  9309 | D:8      | Reached skill level 5 in Short Blades
  9309 | D:8      | Reached skill level 5 in Axes
  9309 | D:8      | Reached skill level 5 in Maces & Flails
  9309 | D:8      | Reached skill level 5 in Polearms
  9309 | D:8      | Reached skill level 5 in Staves
  9309 | D:8      | Reached skill level 5 in Slings
  9309 | D:8      | Reached skill level 5 in Bows
  9309 | D:8      | Reached skill level 5 in Crossbows
  9309 | D:8      | Reached skill level 5 in Stealth
  9309 | D:8      | Reached skill level 5 in Shields
  9309 | D:8      | Reached skill level 5 in Unarmed Combat
  9309 | D:8      | Reached skill level 5 in Evocations
  9365 | D:8      | Killed a two-headed ogre
  9426 | D:8      | Got a steaming ring mail
  9468 | D:8      | Identified the +2 ring mail "Regragri" {Int+5 Slay+3} (You found it on level 8 of the Dungeon)
  9707 | D:8      | Noticed a two-headed ogre
  9935 | D:8      | Killed bmj180's ghost
 10034 | D:8      | Noticed a two-headed ogre
 10045 | D:8      | Killed a two-headed ogre
 10045 | D:8      | Reached XP level 11. HP: 54/84 MP: 18/22
 10668 | D:9      | Found a sparkling altar of Nemelex Xobeh.
 10737 | D:9      | Became a worshipper of Nemelex Xobeh the Trickster
 10771 | D:9      | Received a gift from Nemelex Xobeh
 10960 | D:9      | Found a blossoming altar of Fedhas.
 11096 | D:9      | Found a staircase to the Orcish Mines.
 11258 | D:9      | Received a gift from Nemelex Xobeh
 11388 | D:9      | Reached skill level 5 in Conjurations
 11388 | D:9      | Reached skill level 5 in Hexes
 11388 | D:9      | Reached skill level 5 in Charms
 11388 | D:9      | Reached skill level 5 in Summonings
 11388 | D:9      | Reached skill level 5 in Necromancy
 11388 | D:9      | Reached skill level 5 in Transmutations
 11388 | D:9      | Reached skill level 5 in Fire Magic
 11388 | D:9      | Reached skill level 5 in Ice Magic
 11388 | D:9      | Reached skill level 5 in Air Magic
 11388 | D:9      | Reached skill level 5 in Earth Magic
 11388 | D:9      | Reached skill level 5 in Poison Magic
 11468 | D:10     | Entered Level 10 of the Dungeon
 11472 | D:10     | Noticed a two-headed ogre
 11476 | D:10     | a two-headed ogre changed into a snapping turtle
 11515 | D:10     | Noticed a two-headed ogre
 11550 | D:10     | Killed a two-headed ogre
 11575 | D:10     | Noticed a centaur warrior
 11582 | D:10     | Noticed an orc knight
 11583 | D:10     | Killed a centaur warrior
 11588 | D:10     | Killed an orc knight
 11600 | D:10     | Noticed a six-headed hydra
 11613 | D:10     | Reached * piety under Nemelex Xobeh
 12036 | D:10     | Noticed a frost giant
 12055 | D:10     | Killed a frost giant
 12055 | D:10     | Reached XP level 12. HP: 58/93 MP: 22/24
 12470 | D:10     | Got a twisted buckler
 12514 | D:10     | Killed a six-headed hydra
 13617 | D:11     | Received a gift from Nemelex Xobeh
 13634 | D:11     | Found a staircase to the Lair.
 13654 | D:11     | Noticed a two-headed ogre
 13684 | D:11     | Killed a two-headed ogre
 13709 | D:11     | Noticed Grum
 13712 | D:11     | Paralysed by Grum for 4 turns
 13717 | D:11     | Killed Grum
 13787 | D:11     | Found a labyrinth entrance.
 13793 | Lab      | Entered a labyrinth
 13819 | Lab      | Reached ** piety under Nemelex Xobeh
 14069 | Lab      | Noticed a minotaur
 14075 | Lab      | Got a scorched war axe
 14686 | D:11     | Noticed Urug
 14702 | D:11     | Killed Urug
 14898 | D:12     | Identified the +7 war axe of Ru's Generosity {vamp, rF+ rC- MR+ Stlth+} (You found it in a labyrinth)
 15179 | D:12     | Found a flickering gateway to a bazaar.
 15190 | Bazaar   | Entered a bazaar
 15190 | Bazaar   | Found Nato Vij's General Store.
 15190 | Bazaar   | Found Duteut's Antique Armour Shoppe.
 15205 | Bazaar   | Bought a jade-encrusted chain mail for 218 gold pieces
 15208 | Bazaar   | Found Wargheopp's Antique Weapon Boutique.
 15216 | Bazaar   | Received a gift from Nemelex Xobeh
 15220 | Bazaar   | Found Urchio's Jewellery Emporium.
 15228 | Bazaar   | Found Wiablaj's Magic Scroll Emporium.
 15264 | Bazaar   | Bought a runed cloak for 172 gold pieces
 15274 | Bazaar   | Identified the +8 chain mail of Impermeability {rElec Dex+6 Stlth-} (You bought it in a shop in a bazaar)
 15301 | Bazaar   | Bought a +3 ring of evasion for 189 gold pieces
 15335 | Bazaar   | Bought a scroll of identify for 28 gold pieces
 15335 | Bazaar   | Bought a scroll of identify for 28 gold pieces
 15335 | Bazaar   | Bought a scroll of identify for 28 gold pieces
 15335 | Bazaar   | Bought 2 scrolls of teleportation for 84 gold pieces
 15620 | D:12     | Learned a level 4 spell: Summon Ice Beast
 15624 | D:12     | Reached *** piety under Nemelex Xobeh
 15630 | D:12     | Received a gift from Nemelex Xobeh
 15644 | D:12     | Reached XP level 13. HP: 68/101 MP: 21/26
 15886 | D:12     | Found a hide-covered altar of Uskayaw.
 15952 | D:12     | Noticed Snorg
 15977 | D:12     | Killed Snorg
 16050 | D:12     | Noticed Gastronok
 16070 | D:12     | Killed Gastronok
 16589 | Lair:1   | Entered Level 1 of the Lair of Beasts
 16928 | Lair:1   | Received a gift from Nemelex Xobeh
 16993 | Lair:1   | Found a basalt altar of Yredelemnul.
 17503 | Lair:2   | Reached **** piety under Nemelex Xobeh
 17634 | Lair:2   | Noticed Flooderbenga's ghost (novice GnNe)
 17646 | Lair:2   | Killed Flooderbenga's ghost
 17725 | Lair:2   | Found a hole to the Spider Nest.
 17765 | Lair:2   | Received a gift from Nemelex Xobeh
 18029 | Lair:2   | Found a staircase to the Shoals.
 18087 | Lair:2   | Found a shimmering altar of Xom.
 18255 | Lair:2   | Learned a level 5 spell: Summon Mana Viper
 18605 | Lair:3   | Received a gift from Nemelex Xobeh
 19113 | Lair:3   | Received a gift from Nemelex Xobeh
 19157 | Lair:3   | Reached ***** piety under Nemelex Xobeh
 19494 | Lair:3   | Noticed a fire dragon
 19501 | Lair:3   | Killed a fire dragon
 20072 | Lair:4   | Reached skill level 10 in Spellcasting
 20328 | Lair:4   | Reached XP level 14. HP: 109/109 MP: 28/28
 20900 | Lair:5   | Received a gift from Nemelex Xobeh
 21010 | Lair:5   | Noticed Kirke
 21029 | Lair:5   | Killed Kirke
 21116 | Lair:5   | Found a staircase to the Slime Pits.
 21147 | Lair:5   | Received a gift from Nemelex Xobeh
 21258 | Lair:5   | Noticed an entropy weaver
 21262 | Lair:5   | Noticed an entropy weaver
 21270 | Lair:5   | Killed an entropy weaver
 21696 | Lair:5   | Reached skill level 10 in Fighting
 21696 | Lair:5   | Reached skill level 10 in Long Blades
 21696 | Lair:5   | Reached skill level 10 in Dodging
 22114 | Lair:5   | Received a gift from Nemelex Xobeh
 22163 | Lair:5   | Identified a scroll of acquirement
 22164 | Lair:5   | Got a wavering glass ring
 22166 | Lair:5   | Identified the ring of Udomack {rElec rF+ Str+2 Dex+6} (You acquired it on level 5 of the Lair of Beasts)
 22580 | Lair:6   | Entered Level 6 of the Lair of Beasts
 22580 | Lair:6   | Received a gift from Nemelex Xobeh
 22738 | Lair:6   | Received a gift from Nemelex Xobeh
 22809 | Lair:6   | Received a gift from Nemelex Xobeh
 22879 | Lair:6   | Found a frozen archway.
 23099 | Lair:6   | Found a dark tunnel.
 23192 | Lair:6   | Reached skill level 10 in Invocations
 23458 | Lair:6   | Reached ****** piety under Nemelex Xobeh
 23788 | Lair:6   | Received a gift from Nemelex Xobeh
 23961 | D:13     | Found a shadowy altar of Dithmenos.
 25045 | D:14     | Noticed Agnes
 25058 | D:14     | Killed Agnes
 25058 | D:14     | Reached XP level 15. HP: 37/117 MP: 20/29
 25417 | D:14     | Found a shadowy altar of Dithmenos.
 25518 | D:14     | Reached skill level 10 in Throwing
 25518 | D:14     | Reached skill level 10 in Armour
 25884 | D:14     | Received a gift from Nemelex Xobeh
 25949 | D:14     | Found a gate to the Vaults.
 26008 | D:15     | Entered Level 15 of the Dungeon
 26017 | D:14     | Learned a level 5 spell: Borgnjor's Vile Clutch
 26362 | D:15     | Found a glowing golden altar of the Shining One.
 26493 | D:15     | Reached skill level 10 in Translocations
 26691 | D:15     | Reached skill level 10 in Short Blades
 26691 | D:15     | Reached skill level 10 in Axes
 26691 | D:15     | Reached skill level 10 in Maces & Flails
 26691 | D:15     | Reached skill level 10 in Polearms
 26691 | D:15     | Reached skill level 10 in Staves
 26691 | D:15     | Reached skill level 10 in Slings
 26691 | D:15     | Reached skill level 10 in Bows
 26691 | D:15     | Reached skill level 10 in Crossbows
 26691 | D:15     | Reached skill level 10 in Stealth
 26691 | D:15     | Reached skill level 10 in Shields
 26691 | D:15     | Reached skill level 10 in Unarmed Combat
 26691 | D:15     | Reached skill level 10 in Evocations
 26805 | D:15     | Received a gift from Nemelex Xobeh
 27865 | D:15     | Found a staircase to the Depths.
 28051 | Orc:1    | Entered Level 1 of the Orcish Mines
 28051 | Orc:1    | Found Lutuironoji's Antique Weapon Boutique.
 28054 | Orc:1    | Found Coets's Assorted Antiques.
 28068 | Orc:1    | Bought a potion of heal wounds for 135 gold pieces
 28068 | Orc:1    | Bought a pair of fine boots for 256 gold pieces
 28088 | Orc:1    | Identified the +2 pair of boots "Hokef" {-Tele Int+2 Dex+5} (You bought it in a shop on level 1 of the Orcish Mines)
 28125 | Orc:1    | Paralysed by an orc sorcerer for 3 turns
 28353 | Orc:1    | Received a gift from Nemelex Xobeh
 28401 | Orc:1    | Reached XP level 16. HP: 125/125 MP: 25/31
 28437 | Orc:1    | You fall through a shaft!
 28437 | Orc:2    | Entered Level 2 of the Orcish Mines
 28645 | Orc:2    | Found a roughly hewn altar of Beogh.
 28796 | Orc:2    | Found Selypn's Antique Weapon Boutique.
 28815 | Orc:2    | Found Tocuntou's Book Shop.
 28828 | Orc:2    | Bought a book of the Earth for 975 gold pieces
 28885 | Orc:2    | Learned a level 6 spell: Statue Form
 28982 | Orc:2    | Received a gift from Nemelex Xobeh
 29451 | Orc:2    | Noticed Totori's ghost (journeyman MfMo)
 29468 | Orc:2    | Found Adev's Jewellery Shoppe.
 29517 | Orc:2    | Received a gift from Nemelex Xobeh
 29899 | Orc:2    | Found a roughly hewn altar of Beogh.
 30154 | Orc:2    | Found the +15 Maxwell's patent armour {-Cast -Tele rElec MR+ rCorr}
 30286 | Orc:2    | Found a staircase to the Elven Halls.
 30493 | Orc:2    | Found Goufif's Magic Scroll Emporium.
 30520 | Orc:2    | Bought a scroll of blinking for 90 gold pieces
 30520 | Orc:2    | Bought a scroll of blinking for 90 gold pieces
 30754 | Orc:1    | Received a gift from Nemelex Xobeh
 30754 | Orc:1    | Found Bypheges's Food Emporium.
 30771 | Orc:1    | Found Loecuapo's Distillery.
 30781 | Orc:1    | Found Deijuh's Gadget Emporium.
 31099 | Spider:1 | Entered Level 1 of the Spider Nest
 32335 | Spider:1 | Received a gift from Nemelex Xobeh
 32966 | Spider:2 | Reached XP level 17. HP: 133/133 MP: 33/33
 33244 | Spider:2 | Noticed Frances
 33254 | Spider:2 | Killed Frances
 33258 | Spider:2 | Noticed Arachne
 33267 | Spider:2 | Killed Arachne
 33411 | Spider:2 | Got a jewelled ring mail
 33423 | Spider:2 | Identified the +1 ring mail of the Guilds {rC+} (You found it on level 2 of the Spider Nest)
 34387 | Spider:3 | Received a gift from Nemelex Xobeh
 34673 | Spider:3 | Received a gift from Nemelex Xobeh
 34769 | Spider:4 | Entered Level 4 of the Spider Nest
 35802 | Spider:4 | Received a gift from Nemelex Xobeh
 36242 | Spider:4 | Reached skill level 10 in Conjurations
 36242 | Spider:4 | Reached skill level 10 in Hexes
 36242 | Spider:4 | Reached skill level 10 in Charms
 36242 | Spider:4 | Reached skill level 10 in Summonings
 36242 | Spider:4 | Reached skill level 10 in Necromancy
 36242 | Spider:4 | Reached skill level 10 in Transmutations
 36242 | Spider:4 | Reached skill level 10 in Fire Magic
 36242 | Spider:4 | Reached skill level 10 in Ice Magic
 36242 | Spider:4 | Reached skill level 10 in Air Magic
 36242 | Spider:4 | Reached skill level 10 in Earth Magic
 36242 | Spider:4 | Reached skill level 10 in Poison Magic
 36313 | Spider:4 | Got a gossamer rune of Zot
 36618 | Shoals:1 | Entered Level 1 of the Shoals
 36662 | Shoals:1 | Received a gift from Nemelex Xobeh
 36690 | Shoals:1 | Reached XP level 18. HP: 96/141 MP: 25/34
 36856 | Shoals:1 | Received a gift from Nemelex Xobeh
 37566 | Shoals:2 | Lost mutation: You are resistant to electric shocks. (rElec) [miscasting Statue Form]
 38214 | Shoals:2 | Received a gift from Nemelex Xobeh
 38979 | Shoals:4 | Entered Level 4 of the Shoals
 38983 | Shoals:4 | Gained mutation: Scrolls take you a little longer to read. [a shining eye]
 38986 | Shoals:4 | Gained mutation: You tend to lose your temper in combat. [a shining eye]
 39260 | Shoals:4 | Noticed Ilsuiw
 39284 | Shoals:4 | Killed Ilsuiw
 39784 | Shoals:4 | Got a shimmering great sword
 39788 | Shoals:4 | Identified the cursed +2 great sword of Fabi Veh {slice, Str+5 Dex+2} (You found it on level 4 of the Shoals)
 40353 | Shoals:4 | Got a slimy brass amulet
 40356 | Shoals:4 | Identified the amulet "Qietta" {+Rage rPois MR+ Str-5 Int+4} (You found it on level 4 of the Shoals)
 40593 | Shoals:4 | Got an ichor-stained battleaxe
 40594 | Shoals:4 | Identified the +6 battleaxe of Disintegration {freeze, rElec rC+ Str+2} (You found it on level 4 of the Shoals)
 40690 | Shoals:4 | Got a barnacled rune of Zot
 40730 | Shoals:4 | Received a gift from Nemelex Xobeh
 41099 | Shoals:3 | Reached XP level 19. HP: 127/149 MP: 30/36
 41640 | Depths:1 | Entered Level 1 of the Depths
 41869 | Orc:1    | Bought a potion of mutation for 88 gold pieces
 41873 | Orc:1    | Lost mutation: You tend to lose your temper in combat. [potion of mutation]
 41873 | Orc:1    | Lost mutation: Your mind is acute. (Int +2) [potion of mutation]
 41873 | Orc:1    | Gained mutation: You have a pair of small antennae on your head. [potion of mutation]
 41873 | Orc:1    | Gained mutation: You passively map a small area around you. [potion of mutation]
 42110 | Depths:1 | Received a gift from Nemelex Xobeh
 42159 | Depths:1 | Found a one-way gate to the infinite horrors of the Abyss.
 42293 | Depths:1 | Found a flickering gateway to a bazaar.
 42300 | Bazaar   | Entered a bazaar
 42300 | Bazaar   | Found Zexaism's General Store.
 42300 | Bazaar   | Found Zifituof's Distillery.
 42300 | Bazaar   | Found Jomaet's Magic Scroll Shop.
 42347 | Bazaar   | Found Byugontu's Distillery.
 42347 | Bazaar   | Found Nafen's Magic Scroll Shop.
 42368 | Bazaar   | Bought a potion of curing for 57 gold pieces
 42368 | Bazaar   | Bought a potion of curing for 57 gold pieces
 42368 | Bazaar   | Bought a potion of curing for 57 gold pieces
 42368 | Bazaar   | Bought a potion of heal wounds for 95 gold pieces
 42368 | Bazaar   | Bought a potion of heal wounds for 95 gold pieces
 42530 | Bazaar   | Bought a potion of heal wounds for 55 gold pieces
 42530 | Bazaar   | Bought a potion of heal wounds for 55 gold pieces
 42530 | Bazaar   | Bought a potion of ambrosia for 88 gold pieces
 42541 | Bazaar   | Bought a potion of mutation for 152 gold pieces
 42541 | Bazaar   | Bought a potion of heal wounds for 95 gold pieces
 42545 | Bazaar   | Lost mutation: You have sharp toenails. [potion of mutation]
 42545 | Bazaar   | Lost mutation: Scrolls take you a little longer to read. [potion of mutation]
 42545 | Bazaar   | Lost mutation: You passively map a small area around you. [potion of mutation]
 42545 | Bazaar   | Gained mutation: You are clumsy. (Dex -2) [potion of mutation]
 42545 | Bazaar   | Gained mutation: Your muscles are strong. (Str +2) [potion of mutation]
 42545 | Bazaar   | Lost mutation: Your muscles are strong. (Str +2) [potion of mutation]
 42545 | Bazaar   | Gained mutation: You have large cloven feet. [potion of mutation]
 42582 | Depths:1 | Found a gateway to Hell.
 42880 | Depths:1 | Received a gift from Nemelex Xobeh
 43177 | Depths:1 | Found a shattered altar of Ashenzari.
 43413 | Depths:2 | Found a gateway to a ziggurat.
 43728 | Depths:2 | Received a gift from Nemelex Xobeh
 44222 | Depths:2 | HP: 5/150 [white ugly thing (21)]
 44421 | Depths:2 | Noticed a lich
 44431 | Depths:2 | Killed a lich
 44567 | Depths:2 | Noticed a caustic shrike
 44567 | Depths:2 | an azure jelly changed into a caustic shrike
 44568 | Depths:2 | Noticed an iron giant
 44568 | Depths:2 | a caustic shrike changed into an iron giant
 44570 | Depths:2 | Noticed a caustic shrike
 44570 | Depths:2 | an iron giant changed into a caustic shrike
 44572 | Depths:2 | a caustic shrike changed into an iron troll
 44597 | Depths:2 | HP: 6/292 [acid (15)]
 44988 | Depths:2 | Received a gift from Nemelex Xobeh
 45107 | Depths:2 | Reached XP level 20. HP: 157/157 MP: 25/37
 45236 | Vaults:1 | Entered Level 1 of the Vaults
 46380 | Vaults:1 | Received a gift from Nemelex Xobeh
 46441 | Vaults:1 | Found Mussi's Antique Armour Shoppe.
 46907 | Vaults:1 | Noticed Nikola
 46936 | Vaults:1 | Killed Nikola
 46955 | Vaults:1 | Received a gift from Nemelex Xobeh
 47268 | Vaults:2 | Learned a level 3 spell: Spectral Weapon
 47275 | Vaults:2 | Learned a level 3 spell: Regeneration
 47404 | Vaults:2 | Got an ivory halberd
 47405 | Vaults:2 | Identified the +8 halberd of Ascent {chop, rF+} (You found it on level 2 of the Vaults)
 47658 | Vaults:2 | Noticed a lich
 47670 | Vaults:2 | Paralysed by a lich for 3 turns
 47671 | Vaults:2 | Killed a lich
 48080 | Vaults:2 | Received a gift from Nemelex Xobeh
 48337 | Vaults:2 | Reached XP level 21. HP: 117/165 MP: 39/39
 48928 | Vaults:2 | Received a gift from Nemelex Xobeh
 49928 | Vaults:2 | Learned a level 6 spell: Freezing Cloud
 50568 | Vaults:3 | Noticed Sojobo
 51784 | Vaults:3 | Reached skill level 15 in Invocations
 52356 | Vaults:3 | Received a gift from Nemelex Xobeh
 52381 | Vaults:3 | Noticed Sojobo
 52381 | Vaults:3 | Sojobo changed into Sojobo the titan
 52384 | Vaults:3 | Killed Sojobo the titan
 53115 | Vaults:3 | Reached XP level 22. HP: 169/173 MP: 40/40
 53175 | Vaults:3 | Found a staircase to the Crypt.
 53401 | Vaults:4 | Received a gift from Nemelex Xobeh
 54308 | Vaults:4 | Found Taceegri's Antique Weapon Shoppe.
 54372 | Vaults:4 | Reached skill level 15 in Spellcasting
 54401 | Vaults:4 | Learned a level 3 spell: Ozocubu's Armour
 54457 | Vaults:4 | Received a gift from Nemelex Xobeh
 54887 | Vaults:4 | Received a gift from Nemelex Xobeh
 55159 | Crypt:1  | Entered Level 1 of the Crypt
 55192 | Crypt:1  | Reached skill level 15 in Fighting
 55192 | Crypt:1  | Reached skill level 15 in Long Blades
 55192 | Crypt:1  | Reached skill level 15 in Dodging
 55488 | Crypt:1  | Received a gift from Nemelex Xobeh
 55694 | Crypt:1  | Got a shimmering hunting sling
 55697 | Crypt:1  | Identified the +9 hunting sling "Veiced" {venom, rElec rF++ Str-2 Int-4} (You found it on level 1 of the Crypt)
 56633 | Crypt:2  | Received a gift from Nemelex Xobeh
 56651 | Crypt:2  | Noticed Boris
 56678 | Crypt:2  | Killed from afar by Boris

Skill      XL: |  1  2  3  4  5  6  7  8  9 10 11 12 13 14 15 16 17 18 19 20 21 22 |
---------------+-------------------------------------------------------------------+-----
Spellcasting   | 5 6 7 8 9 10 11 12 13 14 15 | 15.2
Invocations    | 1 2 3 4 5 6 7 8 9 10 11 12 13 14 15 | 15.6
Short Blades   | 1 2 3 4 5 6 7 8 9 10 11 12 13 14 | 14.5
Axes           | 1 2 3 4 5 6 7 8 9 10 11 12 13 14 | 14.5
Maces & Flails | 1 2 3 4 5 6 7 8 9 10 11 12 13 14 | 14.5
Polearms       | 1 2 3 4 5 6 7 8 9 10 11 12 13 14 | 14.5
Staves         | 1 2 3 4 5 6 7 8 9 10 11 12 13 14 | 14.5
Slings         | 1 2 3 4 5 6 7 8 9 10 11 12 13 14 | 14.5
Bows           | 1 2 3 4 5 6 7 8 9 10 11 12 13 14 | 14.5
Crossbows      | 1 2 3 4 5 6 7 8 9 10 11 12 13 14 | 14.5
Stealth        | 1 2 3 4 5 6 7 8 9 10 11 12 13 14 | 14.5
Shields        | 1 2 3 4 5 6 7 8 9 10 11 12 13 14 | 14.5
Unarmed Combat | 1 2 3 4 5 6 7 8 9 10 11 12 13 14 | 14.5
Evocations     | 1 2 3 4 5 6 7 8 9 10 11 12 13 14 | 14.5
Conjurations   | 1 2 3 4 5 6 7 8 9 10 11 12 | 12.5
Hexes          | 1 2 3 4 5 6 7 8 9 10 11 12 | 12.5
Charms         | 1 2 3 4 5 6 7 8 9 10 11 12 | 12.5
Summonings     | 1 2 3 4 5 6 7 8 9 10 11 12 | 12.5
Necromancy     | 1 2 3 4 5 6 7 8 9 10 11 12 | 12.5
Transmutations | 1 2 3 4 5 6 7 8 9 10 11 12 | 12.5
Fire Magic     | 1 2 3 4 5 6 7 8 9 10 11 12 | 12.5
Ice Magic      | 1 2 3 4 5 6 7 8 9 10 11 12 | 12.5
Air Magic      | 1 2 3 4 5 6 7 8 9 10 11 12 | 12.5
Earth Magic    | 1 2 3 4 5 6 7 8 9 10 11 12 | 12.5
Poison Magic   | 1 2 3 4 5 6 7 8 9 10 11 12 | 12.5
Throwing       | 3 4 5 6 7 8 9 10 11 12 13 14 | 14.7
Armour         | 3 4 5 6 7 8 9 10 11 12 13 14 | 14.7
Fighting       | 5 6 7 8 9 10 11 12 13 14 15 | 15.1
Long Blades    | 5 6 7 8 9 10 11 12 13 14 15 | 15.1
Dodging        | 5 6 7 8 9 10 11 12 13 14 15 | 15.1
Translocations | 6 7 8 9 10 11 12 13 | 13.4

Action                   |  1- 3 |  4- 6 |  7- 9 | 10-12 | 13-15 | 16-18 | 19-21 | 22-24 || total
-------------------------+-------+-------+-------+-------+-------+-------+-------+-------++-------
Melee: Falchion          |   104 |   235 |   513 |       |       |       |       |       ||   852
       Bite              |     9 |    27 |    92 |    75 |   144 |   181 |   206 |    62 ||   796
       Punch             |       |     3 |    12 |       |       |       |       |       ||    15
       Quarterstaff      |       |       |    65 |   465 |   760 |  1012 |   553 |       ||  2855
       Kick              |       |       |       |       |       |   227 |   358 |   119 ||   704
       Unarmed           |       |       |       |       |       |     2 |       |       ||     2
       Battleaxe         |       |       |       |       |       |       |   172 |    82 ||   254
       Halberd           |       |       |       |       |       |       |   234 |   244 ||   478
 Fire: Hunting sling     |       |       |       |     4 |       |       |       |       ||     4
Throw: Tomahawk          |       |     5 |       |    11 |       |     1 |    13 |       ||    30
       Throwing net      |       |       |     8 |       |       |       |       |       ||     8
       Stone             |       |       |       |     1 |       |       |       |       ||     1
       Javelin           |       |       |       |       |     4 |       |       |       ||     4
 Cast: Shroud of Golubri |     4 |    22 |    40 |    49 |    36 |    25 |     6 |       ||   182
       Blink             |     1 |       |     7 |    11 |     9 |     1 |       |       ||    29
       Lesser Beckoning  |       |    11 |     9 |    21 |    34 |    21 |    26 |     5 ||   127
       Teleport Other    |       |     8 |     8 |    10 |     1 |       |       |       ||    27
       Gell's Gravitas   |       |     1 |     8 |    16 |    20 |     9 |     2 |       ||    56
       Passage of Golubr |       |       |     5 |       |     6 |     2 |     1 |       ||    14
       Confuse           |       |       |     1 |     9 |    15 |    10 |     2 |       ||    37
       Summon Ice Beast  |       |       |       |       |    53 |     4 |    24 |     3 ||    84
       Summon Mana Viper |       |       |       |       |    15 |       |       |       ||    15
       Borgnjor's Vile C |       |       |       |       |    23 |    84 |    43 |     2 ||   152
       Statue Form       |       |       |       |       |       |    59 |    60 |    19 ||   138
       Spectral Weapon   |       |       |       |       |       |       |     8 |    17 ||    25
       Freezing Cloud    |       |       |       |       |       |       |    19 |     5 ||    24
       Regeneration      |       |       |       |       |       |       |     7 |       ||     7
Invok: Deal Four         |       |       |       |       |     3 |     6 |     7 |       ||    16
 Abil: End Transformatio |       |       |       |       |       |     2 |    10 |     2 ||    14
Evoke: Deck              |       |       |       |    14 |    15 |    21 |    13 |     7 ||    70
       Wand              |       |       |       |     5 |     3 |    10 |     8 |       ||    26
       Lamp of fire      |       |       |       |       |     1 |       |       |       ||     1
       Phial of floods   |       |       |       |       |       |     1 |     2 |       ||     3
  Use: Scroll            |     4 |     4 |     6 |    11 |    12 |    13 |    14 |     4 ||    68
       Potion            |       |     3 |     4 |     1 |     5 |    10 |    19 |     5 ||    47
 Stab: Sleeping          |     3 |     1 |     4 |     2 |    16 |    21 |    14 |     7 ||    68
       Distracted        |       |     1 |       |     2 |     9 |     4 |     4 |     5 ||    25
       Confused          |       |       |       |     5 |     9 |     1 |       |       ||    15
       Petrified         |       |       |       |       |       |     2 |       |       ||     2
       Fleeing           |       |       |       |       |       |     1 |       |       ||     1
  Eat: Chunk             |     1 |     7 |    32 |    26 |    57 |    40 |    56 |    16 ||   235
       Ration            |       |     1 |       |     3 |       |     9 |     6 |     2 ||    21
Armor: Leather armour    |    21 |    57 |   170 |    14 |       |       |       |       ||   262
       Skin              |       |    16 |       |       |       |   504 |   317 |   154 ||   991
       Ring mail         |       |       |       |   115 |   207 |   158 |    56 |    13 ||   549
       Chain mail        |       |       |       |     2 |       |       |       |       ||     2
Dodge: Dodged            |    71 |   184 |   456 |   301 |   729 |  1994 |  1183 |   521 ||  5439
       Rpst.: Falchion   |    23 |    57 |   130 |       |       |       |       |       ||   210
